 Dungeon Crawl Stone Soup version 0.25-b1-37-g2669288c55 (webtiles) character file.

Game seed: 13587496110019944079

1137 krokodile the Stinger (level 8, 0/48 HPs)
             Began as an Octopode Venom Mage on June 5, 2020.
             Was an Initiate of Dithmenos.
             Succumbed to a killer bee's poison
             ... on level 5 of the Dungeon on June 6, 2020.
             The game lasted 02:39:47 (8030 turns).

krokodile the Stinger (Octopode Venom Mage)         Turns: 8030, Time: 02:39:47

Health: 0/48       AC:  1    Str:  7    XL:     8   Next: 36%
Magic:  2/15       EV: 14    Int: 19    God:    Dithmenos [......]
Gold:   387        SH:  0    Dex: 13    Spells: 5/16 levels left

rFire    . . .     SeeInvis .   s - +4 quarterstaff (chaos)
rCold    . . .     Gourm    .   (shield currently unavailable)
rNeg     . . .     Faith    .   (helmet restricted)
rPois    .         Spirit   .   d - amulet of magic regeneration
rElec    .         Reflect  .   o - ring of flight
rCorr    .         Harm     .   u - ring of wizardry
MR       .....                  (no ring)
Stlth    ++++......             (no ring)
HPRegen  0.16/turn              (no ring)
MPRegen  0.39/turn              (no ring)
                                (no ring)
                                (no ring)

@: lethally poisoned (0 -> -15), very slightly contaminated
A: almost no armour, stealthy swim, amphibious, 8 rings, constrict 8, camouflage
1, gelatinous body 1
a: Renounce Religion, Evoke Flight


You were on level 5 of the Dungeon.
You worshipped Dithmenos.
Dithmenos was noncommittal.
You were not hungry.

You visited 2 branches of the dungeon, and saw 7 of its levels.

You collected 387 gold pieces.

Inventory:

Hand Weapons
 a - a +0 club
 i - a +2 whip of electrocution
 r - a +1 mace of venom
 s - a +4 quarterstaff of chaos (weapon)
 v - a +0 arbalest
 w - a +1 dagger of speed
Missiles
 n - 14 bolts
 q - 24 arrows
 y - 22 poisoned darts (quivered)
 z - 2 throwing nets
 D - 3 boomerangs
Armour
 j - a +0 cloak
 m - a cursed +0 robe
 t - a +0 cloak
 x - a +0 ring mail of magic resistance
 E - a +0 pair of boots
Jewellery
 d - an amulet of magic regeneration (around mantle)
 g - an uncursed amulet of reflection
 o - a ring of flight (left tentacle)
 u - a ring of wizardry (right tentacle)
Wands
 A - a wand of enslavement (6)
Scrolls
 c - 2 scrolls of identify
 f - 3 scrolls of teleportation
 h - 5 scrolls of remove curse
 k - 2 scrolls of amnesia
 C - 2 scrolls of magic mapping {unknown}
Potions
 e - a potion of brilliance
 l - 2 potions of degeneration
 p - a potion of berserk rage {unknown}
 B - a potion of resistance {unknown}
 F - a potion of flight {unknown}
Comestibles
 b - 9 rations


   Skills:
 + Level 1.0 Fighting
 + Level 1.4 Staves
 + Level 2.5 Dodging
 + Level 4.0 Stealth
 + Level 0.2 Unarmed Combat
 + Level 4.8 Spellcasting
 + Level 4.1 Transmutations
 + Level 1.0 Fire Magic
 + Level 2.9 Air Magic
 + Level 7.1 Poison Magic


You had 5 spell levels left.
You knew the following spells:

 Your Spells              Type           Power        Failure   Level  Hunger
a - Sting                 Tmut/Pois      ####         1%          1    None
b - Poisonous Vapours     Pois/Air       ###...       1%          2    #......
c - Ignite Poison         Fire/Tmut/Pois ###.....     2%          3    ##.....
d - Spider Form           Tmut/Pois      ####......   1%          3    ##.....
e - Sticks to Snakes      Tmut           ###.....     1%          2    #......

Your spell library contained the following spells:

 Spells                   Type           Power        Failure   Level  Hunger
 Beastly Appendage        Tmut           ###...       1%          1    None
 Olgreb's Toxic Radiance  Pois           ####....     2%          4    ####...
 Mephitic Cloud           Conj/Pois/Air  ###.....     4%          3    ##.....
 Ice Form                 Ice/Tmut       ##......     21%         4    ####...
 Blade Hands              Tmut           ###.......   26%         5    ######.


Dungeon Overview and Level Annotations

Branches:
Dungeon (6/15)             Temple (1/1) D:5

Altars:
Cheibriados
Dithmenos
Elyvilon
Fedhas
Gozag
Hepliaklqana
Kikubaaqudgha
Makhleb
Nemelex Xobeh
Okawaru
Qazlal
Ru
Sif Muna
Trog
Uskayaw
Vehumet
Wu Jian
Xom
Yredelemnul
Zin
The Shining One

Shops:
D:5 *


Innate Abilities, Weirdness & Mutations

You cannot wear most types of armour.
You are very stealthy in the water. (Stealth+)
You are amphibious.
You can wear up to eight rings at the same time.
You can use your tentacles to constrict eight enemies at once.
Your skin changes colour to match your surroundings (Stealth+).
Your rubbery body absorbs attacks. (AC +1, EV +1)


Message History

The killer bee poisons you!
Unknown command.
Okay, then.
As you read the scroll of teleportation, it crumbles to dust.
You feel strangely unstable.
You feel sick. The killer bee closely misses you. The killer bee stings you!
* * * LOW HITPOINT WARNING * * *
You are more poisoned.
The killer bee poisons you!
Casting: Ignite Poison (dangerous; 2% risk of failure)
Confirm with . or Enter, or press ? or * to list all spells.
You miscast Spider Form.
You are very lightly contaminated with residual magic.
Nothing appears to happen.
* * * LOW HITPOINT WARNING * * *
You feel sick. The killer bee misses you. x2
* * * LOW HITPOINT WARNING * * *
You feel sick. The killer bee misses you.
Your surroundings suddenly seem different.
You die...

.)...#.#.#.....#.#.###.........#
.#.#.#.#.#.....#...............#
.#.#...#......##...............#
.#.............#..........######
.###...#......##.#.########
.......#.#....<#.#.####
####....<.............#####
###....................####
###.#.#######@............#
####.........................#
.....#...#######.##...)......#
.....#.......................#
.....#............#..........####
.....#............#########.###..
.....#.#..........# #.# #.#
##...#.#..........# #.# #.#
.#...#.#>.........# #.# #.#


There were no monsters in sight!

Vanquished Creatures
  2 phantoms (D:5)
  An ogre (D:4)
  A bullfrog (D:6)
  A scorpion (D:4)
  A killer bee (D:6)
  A howler monkey (D:6)
  A crimson imp (D:5)
  A centaur skeleton (D:4)
  2 bullfrog skeletons
  4 hounds
  Crazy Yiuf (D:2)
  Jessica (D:2)
  An orc wizard (D:5)
  3 worker ants
  7 adders
  12 gnolls
  A shadow imp (D:5)
  An ooze (D:5)
  An adder skeleton (D:5)
  A worm (D:4)
  A dart slug (D:2)
  4 leopard geckos
  12 orcs
  3 bats
  2 giant cockroaches
  6 goblins
  8 hobgoblins
  12 jackals
  2 kobolds
  A ball python (D:1)
  6 frilled lizards
  2 quokka skeletons
  10 rats
  A plant (D:1)
114 creatures vanquished.

Vanquished Creatures (collateral kills)
  A crimson imp (D:5)
1 creature vanquished.

Grand Total: 115 creatures vanquished

Notes
Turn   | Place    | Note
-------+----------+-------------------------------------------
     0 | D:1      | krokodile the Octopode Venom Mage began the quest for the
                  | Orb.
     0 | D:1      | Reached XP level 1. HP: 11/11 MP: 3/3
   178 | D:1      | Reached skill level 4 in Poison Magic
   185 | D:1      | Reached XP level 2. HP: 7/17 MP: 3/5
   898 | D:1      | Reached XP level 3. HP: 21/21 MP: 2/6
  1064 | D:2      | Found a basalt altar of Yredelemnul.
  1257 | D:2      | Learned a level 2 spell: Poisonous Vapours
  1317 | D:2      | Found a snail-covered altar of Cheibriados.
  1485 | D:2      | Noticed Jessica
  1490 | D:2      | Killed Jessica
  1490 | D:2      | Reached XP level 4. HP: 21/27 MP: 1/7
  1700 | D:2      | Found a runed translucent door.
  1701 | D:2      | Noticed Crazy Yiuf
  1733 | D:2      | Killed Crazy Yiuf
  1733 | D:2      | Reached XP level 5. HP: 31/31 MP: 3/8
  2126 | D:2      | You fall into a shaft and drop 1 floor!
  2360 | D:3      | Found an opulent altar of Gozag.
  2360 | D:3      | Found a sparkling altar of Nemelex Xobeh.
  2806 | D:3      | Found an iron altar of Okawaru.
  2829 | D:3      | Reached skill level 5 in Poison Magic
  3451 | D:4      | Reached skill level 1 in Air Magic
  3470 | D:4      | Learned a level 3 spell: Ignite Poison
  3630 | D:4      | Reached XP level 6. HP: 35/37 MP: 0/10
  4209 | D:4      | Found a glowing silver altar of Zin.
  4285 | D:4      | Found a glowing golden altar of the Shining One.
  4294 | D:4      | Reached skill level 6 in Poison Magic
  4585 | D:4      | Reached XP level 7. HP: 42/42 MP: 4/12
  4931 | D:5      | Entered Level 5 of the Dungeon
  4942 | D:4      | HP: 2/42 [poisoned by a scorpion]
  5746 | D:5      | Reached skill level 1 in Fire Magic
  5907 | D:5      | Found a staircase to the Ecumenical Temple.
  5930 | D:5      | Found Byjucs's General Store.
  6198 | D:5      | Reached skill level 7 in Poison Magic
  6251 | Temple   | Entered the Ecumenical Temple
  6828 | Temple   | Became a worshipper of Dithmenos the Shadowed
  6943 | D:5      | Learned a level 3 spell: Spider Form
  6948 | D:5      | Learned a level 2 spell: Sticks to Snakes
  7115 | D:5      | Reached skill level 1 in Staves
  7115 | D:5      | Reached XP level 8. HP: 24/47 MP: 14/14
  7422 | D:5      | Reached skill level 1 in Fighting
  7495 | D:5      | Found a hazy altar of Hepliaklqana.
  8029 | D:5      | HP: 2/48 [poisoned by a killer bee]
  8030 | D:5      | Succumbed to a killer bee's poison

Illustrated notes

Levels and vault maps discovered:
D:1:      tarquinn_simple_flora_water_a, layout_rooms, grunt_decor_cap,
          hangedman_decor_clover_reticule
D:2:      layout_basic, cheibriados_altar_1, first_ration,
          yredelemnul_altar_generic, uniq_crazy_yiuf_cottage, uniq_jessica
D:3:      layout_loops_ring, grunt_temple_overflow_opulence, okawaru_gym_becter,
          mrwooster_statue_mirror
D:4:      minmay_angry_zag, layout_basic, tso_altar, lemuel_doored_altar
D:5:      layout_basic, old_standard_altar, minmay_temple_entry_glassed_door,
          serial_shops, shop
D:6:      layout_basic, portal_sewer_entry_d, uniq_sigmund, uniq_edmund
Temple:   dpeg_chambers_temple

Skill      XL: |  1  2  3  4  5  6  7  8 |
---------------+-------------------------+-----
Poison Magic   | 4 5 6 7 |  7.1
Stealth        | 3 4 |  4.0
Transmutations | 2 3 4 |  4.1
Air Magic      | 1 2 |  2.9
Spellcasting   | 3 4 |  4.8
Fire Magic     | 1 |  1.0
Staves         | 1 |  1.4
Fighting       | 1 |  1.0
Dodging        | |  2.5
Unarmed Combat | |  0.2

Action                   |  1- 3 |  4- 6 |  7- 9 || total
-------------------------+-------+-------+-------++-------
Melee: Unarmed           |    38 |       |    15 ||    53
       Tentacles         |    14 |     1 |     3 ||    18
       Club              |    13 |       |       ||    13
       Constrict         |     6 |     2 |     3 ||    11
       Mace              |       |     2 |       ||     2
       Quarterstaff      |       |     8 |    33 ||    41
 Cast: Sting             |    33 |    23 |    24 ||    80
       Poisonous Vapours |     1 |    53 |    37 ||    91
       Ignite Poison     |       |     1 |     6 ||     7
       Sticks to Snakes  |       |       |    18 ||    18
       Spider Form       |       |       |     3 ||     3
  Use: Potion            |     1 |     1 |     4 ||     6
       Scroll            |       |     6 |     3 ||     9
 Stab: Sleeping          |     1 |       |       ||     1
  Eat: Chunk             |     2 |    12 |     4 ||    18
       Ration            |       |       |     3 ||     3
Armor: Skin              |     1 |     1 |     8 ||    10
Dodge: Dodged            |    18 |    25 |    61 ||   104
Block: Other             |       |     9 |     8 ||    17
